 Dungeon Crawl Stone Soup version 0.23-a0-183-gf37f6fb109 (webtiles) character file.

182 Jesh the Vexing (level 5, -3/24 HPs)
             Began as a Spriggan Enchanter on Sept 23, 2018.
             Was an Initiate of Dithmenos.
             Killed from afar by an orc wizard (5 damage)
             ... with a puff of frost
             ... on level 3 of the Dungeon.
             The game lasted 00:08:47 (2911 turns).

Jesh the Vexing (Spriggan Enchanter)                Turns: 2911, Time: 00:08:48

Health: -3/24      AC:  2    Str:  4    XL:     5   Next: 34%
Magic:  6/13       EV: 18    Int: 18    God:    Dithmenos [......]
Gold:   176        SH:  0    Dex: 16    Spells: 1/13 levels left

rFire    . . .     SeeInvis +   a - +3 dagger
rCold    . . .     Gourm    .   (shield restricted)
rNeg     . . .     Faith    .   b - +0 robe
rPois    .         Spirit   .   (helmet restricted)
rElec    .         Reflect  .   (no cloak)
rCorr    .         Harm     .   (gloves unavailable)
MR       .....                  (boots unavailable)
Stlth    +++.......             (no amulet)
HPRegen  0.08/turn              (no ring)
MPRegen  0.13/turn              (no ring)

@: very quick
A: very small, unfitting armour, see invisible, herbivore, speed 3, slow
metabolism 2
a: Renounce Religion


You were on level 3 of the Dungeon.
You worshipped Dithmenos.
Dithmenos was noncommittal.
You were not hungry.

You visited 1 branch of the dungeon, and saw 3 of its levels.

You collected 176 gold pieces.

Inventory:

Hand Weapons
 a - a +3 dagger (weapon)
Missiles
 g - a throwing net (quivered)
Armour
 b - a +0 robe (worn)
Potions
 c - a potion of cancellation
 e - a potion of flight
Comestibles
 d - 5 rations


   Skills:
 - Level 1.1 Short Blades
 - Level 3.0 Dodging
 + Level 5.5 Stealth
 - Level 4.9 Spellcasting
 - Level 5.5 Hexes


You had one spell level left.
You knew the following spells:

 Your Spells              Type           Power        Failure   Level  Hunger
a - Ensorcelled Hibernat  Hex/Ice        ##....       7%          2    #......
b - Corona                Hex            ###....      1%          1    None
c - Confuse               Hex            ###.....     4%          3    ###....
d - Tukima's Dance        Hex            ###.....     4%          3    ###....
e - Dazzling Spray        Conj/Hex       ##....       13%         3    ###....

Your spell library contained the following spells:

 Spells                   Type           Power        Failure   Level  Hunger


Dungeon Overview and Level Annotations

Branches:
Dungeon (3/15)

Altars:
Ashenzari
Dithmenos
Uskayaw


Innate Abilities, Weirdness & Mutations

You are very small and have problems with some larger weapons.
You are too small for most types of armour.
You have supernaturally acute eyesight. (SInv)
You are a herbivore.
You cover ground extremely quickly.
You need to consume almost no food.


Message History

Your Stealth skill increases to level 5!
The orc priest casts a cantrip, but nothing happens.
The orc hits you with a morningstar.
The orc priest mumbles some strange prayers to Beogh against you.
Pain shoots through your body!
Ouch! That really hurt!
* * * LOW HITPOINT WARNING * * *
Unknown command.
Unknown command.
Casting: Ensorcelled Hibernation (safe; 7% risk of failure)
Confirm with . or Enter, or press ? or * to list all spells.
Aiming: Ensorcelled Hibernation (safe; 7% risk of failure)
Press: ? - help, Shift-Dir - straight line, f - orc priest
Aim: an orc priest, wielding a trident and wearing a leather armour (chance to The orc priest looks drowsy...
The orc wizard shouts!
The orc misses you.
The orc wizard gestures at you while chanting.
The puff of frost hits you!
You die...

..###......######
................#
.<..#......######
..###......# ########
..#........# ##...)..##
..#..####### ##.....!..##
....## ######...>......#
#....# #....#o.........#
...#.## ##.##o@.......)..#
.###..#####..#..#..........#
.......#....##..#..........#
.........#...#............##
.......###...o.#..........#
#......###...###...........
..........................
.####...#...........(.... .
#.........###.


You could see an orc priest (sleeping), an orc wizard and an orc.

Vanquished Creatures
  An orc priest (D:3)
  Terence (D:2)
  5 adders
  2 worms (D:2)
  4 dart slugs
  An orc (D:3)
  3 giant cockroaches
  7 goblins
  11 hobgoblins
  15 jackals
  9 bats
  6 frilled lizards
  7 kobolds
  3 rats
  A fungus (D:2)
76 creatures vanquished.

Notes
Turn   | Place    | Note
-------+----------+-------------------------------------------
     0 | D:1      | Jesh the Spriggan Enchanter began the quest for the Orb.
     0 | D:1      | Reached XP level 1. HP: 9/9 MP: 5/5
    82 | D:1      | Reached XP level 2. HP: 7/13 MP: 4/7
    86 | D:1      | Learned a level 2 spell: Ensorcelled Hibernation
   921 | D:1      | Reached XP level 3. HP: 16/16 MP: 9/9
   926 | D:1      | Learned a level 3 spell: Confuse
   930 | D:1      | Learned a level 3 spell: Tukima's Dance
  1381 | D:2      | Found a shattered altar of Ashenzari.
  1508 | D:2      | Found a hide-covered altar of Uskayaw.
  1552 | D:2      | Reached XP level 4. HP: 12/21 MP: 6/11
  1571 | D:2      | Reached skill level 5 in Hexes
  1992 | D:2      | Found a shadowy altar of Dithmenos.
  1995 | D:2      | Became a worshipper of Dithmenos the Shadowed
  2064 | D:2      | Noticed Terence
  2093 | D:2      | Killed Terence
  2692 | D:2      | Reached XP level 5. HP: 22/24 MP: 13/13
  2702 | D:2      | Learned a level 3 spell: Dazzling Spray
  2907 | D:3      | Reached skill level 5 in Stealth
  2911 | D:3      | Killed from afar by an orc wizard

Vault maps used:
D:1:      matt_arrival_spirals
D:2:      eat_drink_and_be_merry_uskayaw, grunt_dithmenos_smoke_and_mirrors,
          nicolae_ashenzari_panopticon, minmay_gold_behind_fungi, uniq_terence
D:3:      lemuel_coloured_pillars_altar, first_ration, minmay_item_behind_shaft

Skill      XL: |  1  2  3  4  5 |
---------------+----------------+-----
Spellcasting   | 3 4 |  4.9
Hexes          | 4 5 |  5.5
Stealth        | 5 |  5.5
Short Blades   | |  1.1
Dodging        | |  3.0

Action                   |  1- 3 |  4- 6 || total
-------------------------+-------+-------++-------
Melee: Dagger            |   145 |   105 ||   250
 Cast: Corona            |     4 |       ||     4
       Ensorcelled Hiber |    14 |    19 ||    33
       Confuse           |       |     1 ||     1
       Tukima's Dance    |       |     1 ||     1
       Dazzling Spray    |       |     1 ||     1
  Use: Scroll            |     5 |     2 ||     7
       Potion            |       |     1 ||     1
 Stab: Sleeping          |    19 |    17 ||    36
       Confused          |       |     2 ||     2
  Eat: Ration            |       |     1 ||     1
Armor: Robe              |    17 |    17 ||    34
Dodge: Dodged            |   120 |    77 ||   197

Table legend:
 A = Non-vault XP
 B = Vault XP
 C = Vault XP percentage of total XP
 D = Non-vault monster count
 E = Vault monster count
 F = Vault count percentage of total count
                 A         B        C        D         E       F
            +---------+---------+-------+---------+---------+-------
      Total |     236 |      24 |   9.2 |      74 |       1 |   1.3
            +---------+---------+-------+---------+---------+-------
        D:1 |      50 |       0 |   0.0 |      27 |       0 |   0.0
        D:2 |     125 |      24 |  16.1 |      42 |       1 |   2.3
        D:3 |      61 |       0 |   0.0 |       5 |       0 |   0.0
            +---------+---------+-------+---------+---------+-------
